Unix NetHack Version 5.0.0-0 post-release - last build Jun 10 2026 00:39:30 (3ee93aec679c4c4259841fe613dc97188e26a321,branch:main).

Game began 2026-06-23 22:18:40, ended 2026-06-23 23:29:02.

Daltwisney, neutral female human Tourist

                                                                   -----
                                                                  --.|..   |
                                                                 --....---.--
                                                                 |......*...|
                                                                 |..........--
                                                                 |...<.......|
                                                                 --..........|
                                                          -       |..........|
                                                         G.o ------)......| .|
                                                          G-d[o@h.)....|.-- --
                                                           -.h.------.----
                                                         ....---    ---
                                                     ......---
                                                  -... --.
                                                  -- -  --

Daltwisney the Sightseer    St:10 Dx:11 Co:17 In:11 Wi:9 Ch:17  Neutral
Dlvl:4  $:659 HP:0(32) Pw:11(11) AC:9  Xp:4 T:819  Burdened

Latest messages:
 There are several objects here.
 In what direction? 4
 The dart hits the gnome lord.
 The gnome lord hits!
 The little dog drops a crossbow.
 The gnome lord hits!
 In what direction? 4
 You kill the gnome lord!
 A dwarf suddenly appears close by!
 You have a little trouble lifting $ - 13 gold pieces (659 in total).
 a - a +2 dart (at the ready) (19 in total).
 You see here 2 +2 darts.
 Your little dog eats a dwarf corpse.
 You have a little trouble lifting a - 2 +2 darts (at the ready) (21 in total).
 The dwarf throws a dagger!
 You are hit by a dagger.
 In what direction? 6
 The dart misses the dwarf.
 The hill orc hits!
 You see here a crossbow.
 In what direction? 6
 The dart hits the dwarf.
 The hill orc picks up a dagger.
 In what direction? 6
 The dart misses the dwarf.
 You begin bashing monsters with your bare hands.
 You miss the hill orc.
 The hill orc wields a dagger!
 The dagger welds itself to the hill orc's hand!
 The little dog bites the hobbit.
 The hobbit is killed!
 The dwarf picks up a crossbow bolt.
 What do you want to use or apply? [cnortyE or ?*] ?
 In what direction? 6
 The dwarf is blinded by the flash!
 The dwarf turns to flee.
 Your little dog eats a hobbit corpse.
 The hill orc thrusts her dagger.
 The hill orc hits!
 The dwarf hits!
 You hit the dwarf.
 The hill orc thrusts her dagger.
 The hill orc hits!
 The dwarf hits!
 You die...
 Do you want your possessions identified? [ynq] (y) n
 Do you want to see your attributes? [ynq] (y) n
 Do you want an account of creatures vanquished? [ynaq] (y) n
 Do you want to see your conduct and achievements? [ynq] (y) n
 Do you want to see the dungeon overview? [ynq] (y) n

Inventory:
 Coins    ('$')
  $ - 659 gold pieces
 Amulets  ('"')
  x - an uncursed amulet of ESP (being worn)
 Weapons  (')')
  a - 18 +2 darts (at the ready)
  z - a +1 aklys
 Armor    ('[')
  A - an uncursed +2 dwarvish iron helm
  v - an uncursed +0 orcish helm (being worn)
  B - an uncursed +0 pair of iron shoes
  C - a cursed +0 dwarvish roundshield
  D - an uncursed +0 dwarvish cloak
  m - an uncursed +0 Hawaiian shirt with a water nymph motif (being worn)
 Comestibles  ('%')
  e - an uncursed carrot
  c - an uncursed cream pie
  f - 7 uncursed food rations
  h - an uncursed fortune cookie
  g - 2 uncursed pears
  i - an uncursed tripe ration
  d - an uncursed tin of sauteed goblin meat
  j - an uncursed egg
 Scrolls  ('?')
  p - an uncursed scroll of enchant armor
  s - an uncursed scroll of light
  l - 3 uncursed scrolls of magic mapping
 Spellbooks  ('+')
  E - an uncursed spellbook of cure sickness
  t - an uncursed spellbook of light
 Potions  ('!')
  k - 2 uncursed potions of extra healing
  w - an uncursed potion of invisibility
  F - an uncursed potion of levitation
 Wands    ('/')
  r - a wand of make invisible (0:7)
 Tools    ('(')
  y - a blessed brass lantern (lit)
  o - an uncursed credit card
  n - an expensive camera (0:39)
 Gems/Stones  ('*')
  q - 2 uncursed fluorite stones
  u - an uncursed worthless piece of violet glass

Daltwisney the Tourist's attributes:

Background:
 You were a Sightseer, a level 4 female human Tourist.
 You were neutral, on a mission for The Lady
 who was opposed by Blind Io (lawful) and Offler (chaotic).
 You were right-handed.
 You were in the Gnomish Mines, on level 4.
 You entered the dungeon 819 turns ago.
 It was nighttime.
 You had 136 experience points, 24 more were needed to attain level 5.

Basics:
 You had 0 out of 32 hit points.
 You had all 11 energy points (spell power).
 Your armor class was 9.
 Your wallet contained 659 zorkmids.
 Autopickup was off.

Final Characteristics:
 Your strength was 10 (limit:18/100).
 Your dexterity was 11 (limit:18).
 Your constitution was 17 (limit:18).
 Your intelligence was 11 (limit:18).
 Your wisdom was 9 (limit:18).
 Your charisma was 17 (limit:18).

Final Status:
 You weren't hungry.
 You were burdened; movement was slightly slowed.
 You were bare handed.
 You were unskilled in bare handed combat.

Final Attributes:
 You were devoutly aligned.
 You were telepathic.
 You are dead.

Miscellaneous:
 You didn't encounter any bones levels.
 Total elapsed playing time was 44 minutes and 48 seconds.

Major events:
 Turn
    1: Daltwisney the neutral female human Tourist entered the dungeon
  546: entered the Gnomish Mines
  585: attained the rank of Sightseer (level 3)
  819: killed by a dwarf

You didn't know any spells.

Skills:
 Fighting Skills
   bare handed combat [Unskilled]
   two weapon combat  [Unskilled]
   riding             [Unskilled]
 Weapon Skills
   dagger             [Unskilled]
   knife              [Unskilled]
   axe                [Unskilled]
   pick-axe           [Unskilled]
   short sword        [Unskilled]
   broadsword         [Unskilled]
   long sword         [Unskilled]
   two-handed sword   [Unskilled]
   saber              [Unskilled]
   mace               [Unskilled]
   morning star       [Unskilled]
   flail              [Unskilled]
   hammer             [Unskilled]
   quarterstaff       [Unskilled]
   polearms           [Unskilled]
   spear              [Unskilled]
   trident            [Unskilled]
   lance              [Unskilled]
   bow                [Unskilled]
   sling              [Unskilled]
   crossbow           [Unskilled]
   dart               [Basic]
   shuriken           [Unskilled]
   boomerang          [Unskilled]
   whip               [Unskilled]
   unicorn horn       [Unskilled]
 Spellcasting Skills
   divination spells  [Unskilled]
   enchantment spells [Unskilled]
   escape spells      [Unskilled]

Voluntary challenges:
 Character rerolling was not enabled.
 You were an atheist.
 You never hit with a wielded weapon.
 You never genocided any monsters.
 You never polymorphed an object.
 You never changed form.
 You used no wishes.
Achievements:
 You entered the Gnomish Mines.
 You attained the rank of Sightseer.

 The Dungeons of Doom: levels 1 to 2
    Level 1:
       A fountain, a sink.
    Level 2:
       Stairs down to The Gnomish Mines.
 The Gnomish Mines: levels 3 to 4
    Level 3:
    Level 4: <- You were here.
       Final resting place for
          you, killed by a dwarf.


Vanquished creatures:
  3 gnome leaders
  a floating eye
  3 dwarves
  2 hobbits
 12 gnomes
  5 jackals
  3 goblins
  2 grid bugs
  a lichen
  a newt
33 creatures vanquished.

No species were genocided or became extinct.

Game over:
                       ----------
                      /          \
                     /    REST    \
                    /      IN      \
                   /     PEACE      \
                  /                  \
                  |    Daltwisney    |
                  |      659 Au      |
                  |   killed by a    |
                  |      dwarf       |
                  |                  |
                  |                  |
                  |       2026       |
                 *|     *  *  *      | *
        _________)/\\_//(\/(/\)/\//\/|_)_______

Aloha Daltwisney the Tourist...

You died in The Gnomish Mines on dungeon level 4 with 718 points,
and 659 pieces of gold, after 819 moves.
You were level 4 with a maximum of 32 hit points when you died.

